Tamiflu vs Patriotes

Created - 10 février 2015 at 19:02

Goals
1 2 3 T
Tamiflu 0 3 1 4
Patriotes 1 2 2 5
Shots
1 2 3 T
Tamiflu 13 11 7 31
Patriotes 8 15 12 35

1st period

1. Patriotes , Cory Emmerton 22 (Andrew Gordon, Fedor Fedorov) at 16:27

Penalties :
Jan Mursak (Det) for Holding (Minor) at 4:02, Greg Mauldin (Det) for Holding (Minor) at 10:08

2nd period

2. Patriotes , Zenon Konopka 28 (Tomas Kurka, Andreas Nodl) at 5:41
3. Tamiflu , Jonathan Sigalet 8 (Nate Thompson, Alex Picard) at 7:24 (PP)
4. Patriotes , Christian Hanson 16 (Lauri Tukonen, Sami Vatanen) at 10:37
5. Tamiflu , Petr Pohl 27 (Jan Mursak, Greg Mauldin) at 11:43
6. Tamiflu , Rich Clune 7 (Adam Henrique, Nate Thompson) at 17:56

Penalties :
Andrew Gordon (Nyc) for Interference (Minor) at 7:07, A.J Thelen (Nyc) for Holding (Minor) at 8:02, Jonathan Sigalet (Det) for Interference (Minor) at 19:57

3rd period

7. Patriotes , Andreas Nodl 27 (Tomas Kurka, Brett Skinner) at 0:16 (PP)
8. Patriotes , Fedor Fedorov 25 (Cory Emmerton) at 3:55
9. Tamiflu , Colin Greening 3 (Jordan Hendry) at 13:38

Penalties :
Alex Picard (Det) for Hooking (Minor) at 7:45, Alex Picard (Det) for Tripping (Minor) at 15:34

Goalie Stats

Thomas Greiss (Det), 30 saves from 35 shots - (0,857), L, 7-8-3, 59:46 minutes
Joey MacDonald (Nyc), 27 saves from 31 shots - (0,871), W, 25-17-3, 60:00 minutes

Players Stats for Tamiflu

Player Name              G  A  P  +/- PIM S  H  SB GA TA FO     MP     PP MP  PK MP  
------------------------------------------------------------------------------------
Adam Henrique            0  1  1   0  0   3  1  1  1  0  2/6    12:36   0:09   0:00 
Alex Picard              0  1  1   0  4   4  0  1  2  0  1/3    21:02   1:16   2:13 
Ben Hanowski             0  0  0   0  0   0  0  0  0  0  0/0     0:18   0:09   0:00 
Carson Mcmillan          0  0  0  -1  0   4  3  0  0  1  0/1    20:07   1:16   1:26 
Casey Wellman            0  0  0   0  0   0  0  0  0  0  0/0     0:00   0:00   0:00 
Cody Goloubef            0  0  0  -1  0   0  0  1  0  0  0/0     4:26   0:00   0:00 
Colin Greening           1  0  1   1  0   1  1  0  0  0  1/6     7:25   0:00   2:03 
Greg Mauldin             0  1  1  -1  2   1  3  0  0  0  7/14   17:46   0:51   0:46 
Jan Mursak               0  1  1  -1  2   1  1  1  0  0  0/0    17:27   0:51   0:31 
Johan Fransson           0  0  0   0  0   0  1  0  1  1  0/0    18:51   0:46   3:33 
Jonathan Sigalet         1  0  1   0  2   2  3  1  2  1  0/0    25:40   1:30   4:23 
Jordan Hendry            0  1  1   0  0   1  2  1  0  2  0/0    26:00   1:30   4:42 
Justin Braun             0  0  0  -1  0   0  0  0  0  0  0/0     4:26   0:00   0:00 
Kyle Lawson              0  0  0   0  0   0  0  2  0  0  0/0    11:02   0:00   0:19 
Mattias Tedenby          0  0  0   1  0   0  0  0  0  0  2/3     9:54   0:00   2:47 
Mike Duco                0  0  0   0  0   3  1  0  1  0  0/0    11:18   0:09   0:00 
Nate Thompson            0  2  2  -1  0   5  2  1  1  3  12/30  23:49   1:16   4:23 
Nathan Oystrick          0  0  0   0  0   3  2  1  0  0  0/0    18:51   0:46   3:33 
Petr Pohl                1  0  1  -1  0   2  1  1  1  0  0/0    16:46   0:51   0:00 
Philip Samuelsson        0  0  0   0  0   0  1  0  0  0  0/0    10:43   0:00   0:00 
Philippe Dupuis          0  0  0   0  0   0  0  0  0  0  0/0     0:00   0:00   0:00 
Rich Clune               1  0  1   0  0   1  0  1  0  0  1/1    13:13   0:00   2:21 
Stefan Elliott           0  0  0   0  0   0  0  0  0  0  0/0     0:00   0:00   0:00 
Teemu Laakso             0  0  0   0  0   0  0  0  0  0  0/0     0:00   0:00   0:00 
Teigan Zahn              0  0  0   0  0   0  0  0  0  0  0/0     0:00   0:00   0:00 

Players Stats for Patriotes

Player Name              G  A  P  +/- PIM S  H  SB GA TA FO     MP     PP MP  PK MP  
------------------------------------------------------------------------------------
A.J Thelen               0  0  0   0  2   3  1  2  0  1  0/0    25:28   5:04   0:17 
Andreas Nodl             1  1  2   0  0   3  0  0  0  1  2/2    23:22   4:29   1:12 
Andrew Gordon            0  1  1   1  2   3  1  2  1  0  1/2    17:55   3:24   0:29 
Brett Skinner            0  1  1   0  0   1  3  1  0  0  0/0    26:06   5:04   1:15 
Christian Hanson         1  0  1   0  0   4  1  0  0  0  7/8    11:26   0:29   0:00 
Cory Emmerton            1  1  2   1  0   4  2  0  0  1  8/15   17:27   3:24   0:00 
Fedor Fedorov            1  1  2   1  0   1  1  0  0  0  0/0    17:56   3:24   0:29 
Jared Staal              0  0  0   0  0   0  0  0  0  0  0/0     0:00   0:00   0:00 
Joakim Andersson         0  0  0   0  0   0  0  0  0  0  0/0     0:00   0:00   0:00 
Joe Charlebois           0  0  0   0  0   2  0  1  0  0  0/0    17:23   2:49   1:01 
Jordan Samuels-Thomas    0  0  0   0  0   0  0  0  0  0  0/0     7:23   0:00   0:35 
Lauri Tukonen            0  1  1   0  0   2  1  0  1  0  0/0    11:19   0:22   0:00 
Liam Reddox              0  0  0   0  0   1  3  0  0  1  0/0    10:46   0:00   0:00 
Mathieu Brodeur          0  0  0   1  0   0  0  0  0  0  0/0     5:08   0:00   0:00 
Nigel Williams           0  0  0   1  0   0  0  0  0  0  0/0     5:27   0:00   0:18 
Ryan White               0  0  0   0  0   1  0  0  0  2  2/2     7:23   0:00   0:35 
Ryan Wilson              0  0  0   0  0   2  0  2  0  1  0/0    17:04   2:49   0:43 
Sami Vatanen             0  1  1   0  0   1  0  1  0  0  0/0    12:21   0:22   0:58 
Timothy Kunes            0  0  0   0  0   0  0  2  0  0  0/0    11:23   0:22   0:00 
Tomas Kurka              0  2  2   0  0   1  2  0  3  1  1/2    23:22   4:29   1:12 
Zack Stortini            0  0  0   0  0   1  1  0  1  0  0/0     7:00   0:22   0:00 
Zenon Konopka            1  0  1   0  0   5  0  1  2  1  17/33  22:03   4:22   0:00 

3 Stars

1 - Cory Emmerton (Nyc)
2 - Fedor Fedorov (Nyc)
3 - Andreas Nodl (Nyc)

Power Play

Tamiflu - 1 on 2 Attempt(s) - 50,00%
Patriotes - 1 on 5 Attempt(s) - 20,00%

Penalty Kill

Tamiflu - 4 on 5 Attempt(s) - 80,00% - Score 0 goal in Penalty Kill
Patriotes - 1 on 2 Attempt(s) - 50,00% - Score 0 goal in Penalty Kill

Team Stat

Tamiflu - Hits : 22 - Faceoff Wins : 26 - Blocked Shots : 12 - Penalty Minutes : 10
Patriotes - Hits : 16 - Faceoff Wins : 38 - Blocked Shots : 12 - Penalty Minutes : 4

Official

Referees : Peel Tim and Dwyer Gord
Linesman : Lonnie Cameron and Mark Pare

Game Notes

No Game Note

Finance

Level 1 -- Attendance: 1507 (75,35%) -- Ticket Income 52 745 $
Level 2 -- Attendance: 770 (77,00%) -- Ticket Income 11 550 $
Total Attendance: 2277 (75,90%)
Total Ticket Income: 64 295 $
Other Income: 3 215 $
Total Income: 67 510 $

Tamiflu

5 vs 5 Forward 
   Center                   Left Wing                Right Wing               Time % Phy DF OF 
 1 Nate Thompson            Alex Picard              Carson Mcmillan          40     1   2  2  
 2 Greg Mauldin             Jan Mursak               Petr Pohl                30     1   2  2  
 3 Adam Henrique            Rich Clune               Mike Duco                20     1   2  2  
 4 Colin Greening           Nate Thompson            Mattias Tedenby          10     1   2  2  

5 vs 5 Defense 
   Defense                  Defense                                           Time % Phy DF OF 
 1 Jonathan Sigalet         Jordan Hendry                                     40     1   2  2  
 2 Nathan Oystrick          Johan Fransson                                    30     1   2  2  
 3 Philip Samuelsson        Kyle Lawson                                       20     1   2  2  
 4 Justin Braun             Cody Goloubef                                     10     1   2  2  

PowerPlay Forward 
   Center                   Left Wing                Right Wing               Time % Phy DF OF 
 1 Nate Thompson            Alex Picard              Carson Mcmillan          60     1   2  2  
 2 Greg Mauldin             Jan Mursak               Petr Pohl                40     1   2  2  

PowerPlay Defense
   Defense                  Defense                                           Time % Phy DF OF 
 1 Jonathan Sigalet         Jordan Hendry                                     60     1   2  2  
 2 Nathan Oystrick          Johan Fransson                                    40     1   2  2  

Penalty Kill 4 Players Forward 
   Center                   Wing                     Time % Phy DF OF 
 1 Nate Thompson            Alex Picard              60     1   2  2  
 2 Greg Mauldin             Carson Mcmillan          40     1   2  2  

Penalty Kill 4 Players Defense
   Defense                  Defense                  Time % Phy DF OF 
 1 Jonathan Sigalet         Jordan Hendry            60     1   2  2  
 2 Nathan Oystrick          Johan Fransson           40     1   2  2  

Penalty Kill - 3 Players Forward 
   Forward                                           Time % Phy DF OF 
 1 Nate Thompson                                     60     1   2  2  
 2 Alex Picard                                       40     1   2  2  

Penalty Kill - 3 Players Defense
   Defense                  Defense                  Time % Phy DF OF 
 1 Jonathan Sigalet         Jordan Hendry            60     1   2  2  
 2 Nathan Oystrick          Johan Fransson           40     1   2  2  

4 vs 4 Forward 
   Center                   Wing                     Time % Phy DF OF 
 1 Nate Thompson            Alex Picard              60     1   2  2  
 2 Greg Mauldin             Carson Mcmillan          40     1   2  2  

4 vs 4 Defense
   Defense                  Defense                  Time % Phy DF OF 
 1 Jonathan Sigalet         Jordan Hendry            60     1   2  2  
 2 Nathan Oystrick          Johan Fransson           40     1   2  2  

Last Minutes Offensive
   Center                   Left Wing                Right Wing               Defense                  Defense                  
   Nate Thompson            Alex Picard              Carson Mcmillan          Jonathan Sigalet         Jordan Hendry            

Last Minutes Defensive
   Center                   Left Wing                Right Wing               Defense                  Defense                  
   Nate Thompson            Alex Picard              Carson Mcmillan          Jonathan Sigalet         Jordan Hendry            

Goaltenders
Starting : Thomas Greiss            
Backup : Mike McKenna             

Extra Forwards
Normal : Adam Henrique, Mike Duco, Mattias Tedenby - PP : Adam Henrique, Mike Duco - PK : Mattias Tedenby
Extra Defensemen
Normal : Philip Samuelsson, Kyle Lawson, Justin Braun - PP : Philip Samuelsson - PK : Kyle Lawson, Justin Braun
Penalty Shots
Nate Thompson, Alex Picard, Greg Mauldin, Carson Mcmillan, Petr Pohl

Patriotes

5 vs 5 Forward 
   Center                   Left Wing                Right Wing               Time % Phy DF OF 
 1 Zenon Konopka            Tomas Kurka              Andreas Nodl             40     1   2  2  
 2 Cory Emmerton            Fedor Fedorov            Andrew Gordon            30     1   2  2  
 3 Christian Hanson         Liam Reddox              Lauri Tukonen            20     1   2  2  
 4 Ryan White               Jordan Samuels-Thomas    Zack Stortini            10     1   2  2  

5 vs 5 Defense 
   Defense                  Defense                                           Time % Phy DF OF 
 1 A.J Thelen               Brett Skinner                                     40     1   2  2  
 2 Ryan Wilson              Joe Charlebois                                    30     1   2  2  
 3 Timothy Kunes            Sami Vatanen                                      20     1   2  2  
 4 Nigel Williams           Mathieu Brodeur                                   10     1   2  2  

PowerPlay Forward 
   Center                   Left Wing                Right Wing               Time % Phy DF OF 
 1 Zenon Konopka            Tomas Kurka              Andreas Nodl             60     1   2  2  
 2 Cory Emmerton            Fedor Fedorov            Andrew Gordon            40     1   2  2  

PowerPlay Defense
   Defense                  Defense                                           Time % Phy DF OF 
 1 A.J Thelen               Brett Skinner                                     60     1   2  2  
 2 Ryan Wilson              Joe Charlebois                                    40     1   2  2  

Penalty Kill 4 Players Forward 
   Center                   Wing                     Time % Phy DF OF 
 1 Tomas Kurka              Andreas Nodl             60     1   2  2  
 2 Andrew Gordon            Fedor Fedorov            40     1   2  2  

Penalty Kill 4 Players Defense
   Defense                  Defense                  Time % Phy DF OF 
 1 A.J Thelen               Brett Skinner            60     1   2  2  
 2 Ryan Wilson              Joe Charlebois           40     1   2  2  

Penalty Kill - 3 Players Forward 
   Forward                                           Time % Phy DF OF 
 1 Tomas Kurka                                       60     1   2  2  
 2 Andreas Nodl                                      40     1   2  2  

Penalty Kill - 3 Players Defense
   Defense                  Defense                  Time % Phy DF OF 
 1 A.J Thelen               Brett Skinner            60     1   2  2  
 2 Ryan Wilson              Joe Charlebois           40     1   2  2  

4 vs 4 Forward 
   Center                   Wing                     Time % Phy DF OF 
 1 Tomas Kurka              Andreas Nodl             60     1   2  2  
 2 Andrew Gordon            Fedor Fedorov            40     1   2  2  

4 vs 4 Defense
   Defense                  Defense                  Time % Phy DF OF 
 1 A.J Thelen               Brett Skinner            60     1   2  2  
 2 Ryan Wilson              Joe Charlebois           40     1   2  2  

Last Minutes Offensive
   Center                   Left Wing                Right Wing               Defense                  Defense                  
   Zenon Konopka            Tomas Kurka              Andreas Nodl             A.J Thelen               Brett Skinner            

Last Minutes Defensive
   Center                   Left Wing                Right Wing               Defense                  Defense                  
   Zenon Konopka            Tomas Kurka              Andreas Nodl             A.J Thelen               Brett Skinner            

Goaltenders
Starting : Joey MacDonald           
Backup : Jason Missiaen           

Extra Forwards
Normal : Christian Hanson, Lauri Tukonen, Ryan White - PP : Christian Hanson, Lauri Tukonen - PK : Ryan White
Extra Defensemen
Normal : Timothy Kunes, Sami Vatanen, Nigel Williams - PP : Timothy Kunes - PK : Sami Vatanen, Nigel Williams
Penalty Shots
Tomas Kurka, Andreas Nodl, Andrew Gordon, Fedor Fedorov, Zenon Konopka

% Time on Ice - Tamiflu

Lines # - Real PCT - Wanted PCT - Time Play
Normal Forward
1 - 34% - 40% - 16:14
2 - 33% - 30% - 16:06
3 - 22% - 20% - 10:37
4 - 11% - 10% - 5:19
Normal Defense
1 - 39% - 40% - 18:35
2 - 30% - 30% - 14:32
3 - 22% - 20% - 10:43
4 - 9% - 10% - 4:26
PP Forward
1 - 63% - 60% - 1:25
2 - 38% - 40% - 0:51
PP Defense
1 - 66% - 60% - 1:30
2 - 34% - 40% - 0:46
PK Forward
1 - 83% - 60% - 6:49
2 - 17% - 40% - 1:26
PK Defense
1 - 57% - 60% - 4:42
2 - 43% - 40% - 3:33
PK3 Forward
1 - 0% - 60%
2 - 0% - 40%
PK3 Defense
1 - 0% - 60%
2 - 0% - 40%
44 Forward
1 - 0% - 60%
2 - 0% - 40%
44 Defense
1 - 0% - 60%
2 - 0% - 40%
Last Minute Offensive  - 1:13
Last Minute Defensive  - 0:00
Total
Forward - 60:00
Defense - 60:00

% Time on Ice - Patriotes

Lines # - Real PCT - Wanted PCT - Time Play
Normal Forward
1 - 35% - 40% - 17:01
2 - 29% - 30% - 14:03
3 - 22% - 20% - 10:46
4 - 13% - 10% - 6:27
Normal Defense
1 - 39% - 40% - 18:36
2 - 29% - 30% - 14:08
3 - 22% - 20% - 10:25
4 - 11% - 10% - 5:08
PP Forward
1 - 59% - 60% - 4:51
2 - 41% - 40% - 3:24
PP Defense
1 - 61% - 60% - 5:04
2 - 39% - 40% - 3:11
PK Forward
1 - 79% - 60% - 1:47
2 - 21% - 40% - 0:29
PK Defense
1 - 68% - 60% - 1:33
2 - 32% - 40% - 0:43
PK3 Forward
1 - 0% - 60%
2 - 0% - 40%
PK3 Defense
1 - 0% - 60%
2 - 0% - 40%
44 Forward
1 - 0% - 60%
2 - 0% - 40%
44 Defense
1 - 0% - 60%
2 - 0% - 40%
Last Minute Offensive  - 0:00
Last Minute Defensive  - 1:12
Total
Forward - 60:00
Defense - 60:00

Play by Play

1st period


0:01 of 1st period - Zenon Konopka wins face-off versus Alex Picard in neutral zone.
0:04 of 1st period - Backhand shot by A.J Thelen.
0:04 of 1st period - Stopped by Thomas Greiss without a rebound.
0:05 of 1st period - Nate Thompson wins face-off versus Zenon Konopka in Tamiflu zone.
1:11 of 1st period - Off-side.
1:12 of 1st period - Zenon Konopka wins face-off versus Colin Greening in neutral zone.
1:37 of 1st period - Timothy Kunes is hit by Nathan Oystrick.
2:11 of 1st period - Slapshot by Zack Stortini.
2:11 of 1st period - Stopped by Thomas Greiss without a rebound.
2:12 of 1st period - Rich Clune wins face-off versus Zenon Konopka in Tamiflu zone.
2:17 of 1st period - Wrist shot by Mike Duco.
2:17 of 1st period - Shot Misses the Net.
2:19 of 1st period - Wrist shot by Mike Duco.
2:19 of 1st period - Stopped by Joey MacDonald with a rebound.
2:21 of 1st period - Slapshot by Justin Braun.
2:21 of 1st period - Shot Blocked by Ryan Wilson.
3:00 of 1st period - Philip Samuelsson is hit by Cory Emmerton and loses puck.
4:02 of 1st period - Minor Penalty to Jan Mursak for Holding.
4:03 of 1st period - Nate Thompson wins face-off versus Zenon Konopka in Tamiflu zone.
4:28 of 1st period - Andrew Gordon is hit by Greg Mauldin and loses puck.
5:27 of 1st period - Andrew Gordon is hit by Jonathan Sigalet and loses puck.
6:02 of 1st period - Penalty to Jan Mursak is over, Jan Mursak is back on ice.
6:46 of 1st period - Slapshot by Mattias Tedenby.
6:46 of 1st period - Shot Misses the Net.
7:02 of 1st period - Philip Samuelsson is hit by Zack Stortini and loses puck.
8:09 of 1st period - Snap shot by Carson Mcmillan.
8:09 of 1st period - Stopped by Joey MacDonald without a rebound.
8:10 of 1st period - Mattias Tedenby wins face-off versus Cory Emmerton in Patriotes zone.
8:11 of 1st period - Wrist shot by Alex Picard.
8:11 of 1st period - Stopped by Joey MacDonald without a rebound.
8:12 of 1st period - Cory Emmerton wins face-off versus Mattias Tedenby in Patriotes zone.
8:30 of 1st period - Wrist shot by Carson Mcmillan.
8:30 of 1st period - Shot Misses the Net.
8:44 of 1st period - Snap shot by Cory Emmerton.
8:44 of 1st period - Shot Blocked by Alex Picard.
8:56 of 1st period - Wrist shot by Carson Mcmillan.
8:56 of 1st period - Shot Misses the Net.
9:12 of 1st period - Snap shot by Carson Mcmillan.
9:12 of 1st period - Stopped by Joey MacDonald with a rebound.
9:19 of 1st period - Off-side.
9:20 of 1st period - Zenon Konopka wins face-off versus Greg Mauldin in neutral zone.
9:23 of 1st period - Wrist shot by Tomas Kurka.
9:23 of 1st period - Shot Misses the Net.
9:50 of 1st period - Rich Clune is hit by Liam Reddox and loses puck.
9:55 of 1st period - Slapshot by Ryan Wilson.
9:55 of 1st period - Deflect By Christian Hanson.
9:55 of 1st period - Stopped by Thomas Greiss with a rebound.
10:08 of 1st period - Minor Penalty to Greg Mauldin for Holding.
10:09 of 1st period - Nate Thompson wins face-off versus Zenon Konopka in Tamiflu zone.
10:35 of 1st period - Carson Mcmillan is hit by Tomas Kurka and loses puck.
12:08 of 1st period - Penalty to Greg Mauldin is over, Greg Mauldin is back on ice.
12:10 of 1st period - Snap shot by Nathan Oystrick.
12:10 of 1st period - Stopped by Joey MacDonald without a rebound.
12:11 of 1st period - Christian Hanson wins face-off versus Greg Mauldin in Patriotes zone.
12:26 of 1st period - Philip Samuelsson is hit by Lauri Tukonen and loses puck.
12:41 of 1st period - Snap shot by Mike Duco.
12:41 of 1st period - Stopped by Joey MacDonald with a rebound.
12:44 of 1st period - Icing by Timothy Kunes.
12:45 of 1st period - Ryan White wins face-off versus Nate Thompson in Patriotes zone.
12:50 of 1st period - Zack Stortini is hit by Jonathan Sigalet and loses puck.
13:36 of 1st period - Wrist shot by Cory Emmerton.
13:36 of 1st period - Stopped by Thomas Greiss with a rebound.
13:38 of 1st period - Wrist shot by Ryan Wilson.
13:38 of 1st period - Shot Blocked by Nathan Oystrick.
13:50 of 1st period - Slapshot by Nate Thompson.
13:50 of 1st period - Stopped by Joey MacDonald with a rebound.
13:52 of 1st period - Slapshot by Nathan Oystrick.
13:52 of 1st period - Stopped by Joey MacDonald without a rebound.
13:53 of 1st period - Zenon Konopka wins face-off versus Colin Greening in Patriotes zone.
14:04 of 1st period - Andreas Nodl is hit by Nate Thompson and loses puck.
14:13 of 1st period - Andreas Nodl is hit by Jordan Hendry.
14:25 of 1st period - Snap shot by Petr Pohl.
14:25 of 1st period - Stopped by Joey MacDonald with a rebound.
14:27 of 1st period - Slapshot by Cody Goloubef.
14:27 of 1st period - Shot Misses the Net.
14:29 of 1st period - Snap shot by Greg Mauldin.
14:29 of 1st period - Stopped by Joey MacDonald with a rebound.
14:34 of 1st period - Icing by Brett Skinner.
14:35 of 1st period - Nate Thompson wins face-off versus Cory Emmerton in Patriotes zone.
14:41 of 1st period - Off-side.
14:42 of 1st period - Nate Thompson wins face-off versus Zenon Konopka in neutral zone.
14:44 of 1st period - Off-side.
14:45 of 1st period - Andreas Nodl wins face-off versus Nate Thompson in neutral zone.
15:01 of 1st period - Slapshot by Nate Thompson.
15:01 of 1st period - Stopped by Joey MacDonald with a rebound.
15:15 of 1st period - Slapshot by Alex Picard.
15:15 of 1st period - Stopped by Joey MacDonald with a rebound.
15:17 of 1st period - Snap shot by Nate Thompson.
15:17 of 1st period - Shot Blocked by Joe Charlebois.
15:19 of 1st period - Wrist shot by Carson Mcmillan.
15:19 of 1st period - Stopped by Joey MacDonald without a rebound.
15:20 of 1st period - Greg Mauldin wins face-off versus Cory Emmerton in Patriotes zone.
15:21 of 1st period - Wrist shot by Petr Pohl.
15:21 of 1st period - Shot Misses the Net.
15:29 of 1st period - Slapshot by Andrew Gordon.
15:29 of 1st period - Stopped by Thomas Greiss without a rebound.
15:30 of 1st period - Greg Mauldin wins face-off versus Andrew Gordon in Tamiflu zone.
16:01 of 1st period - Fedor Fedorov is hit by Greg Mauldin.
16:27 of 1st period - Snap shot by Cory Emmerton.
16:27 of 1st period - Goal by Cory Emmerton - Tamiflu : 0 - Patriotes : 1.
16:28 of 1st period - Zenon Konopka wins face-off versus Nate Thompson in neutral zone.
16:53 of 1st period - Zenon Konopka is hit by Mike Duco and loses puck.
17:15 of 1st period - Icing by Nate Thompson.
17:16 of 1st period - Christian Hanson wins face-off versus Colin Greening in Tamiflu zone.
17:19 of 1st period - Wrist shot by Lauri Tukonen.
17:19 of 1st period - Stopped by Thomas Greiss with a rebound.
17:43 of 1st period - Off-side.
17:44 of 1st period - Nate Thompson wins face-off versus Cory Emmerton in neutral zone.
18:13 of 1st period - Snap shot by Mike Duco.
18:13 of 1st period - Shot Misses the Net.
18:47 of 1st period - Philip Samuelsson is hit by Brett Skinner and loses puck.
19:30 of 1st period - Wrist shot by Alex Picard.
19:30 of 1st period - Shot Misses the Net.
19:46 of 1st period - Snap shot by Lauri Tukonen.
19:46 of 1st period - Shot Misses the Net.
19:48 of 1st period - Wrist shot by Liam Reddox.
19:48 of 1st period - Shot Blocked by Kyle Lawson.
19:50 of 1st period - Wrist shot by Christian Hanson.
19:50 of 1st period - Stopped by Thomas Greiss without a rebound.
19:51 of 1st period - Christian Hanson wins face-off versus Adam Henrique in Tamiflu zone.
Goals for this period are 0 for Tamiflu vs 1 for Patriotes.
Shots for this period are 13 for Tamiflu vs 8 for Patriotes.

2nd period


0:01 of 2nd period - Nate Thompson wins face-off versus Zenon Konopka in neutral zone.
0:14 of 2nd period - Wrist shot by Tomas Kurka.
0:14 of 2nd period - Shot Misses the Net.
0:26 of 2nd period - Lauri Tukonen is hit by Jonathan Sigalet and loses puck.
0:31 of 2nd period - Snap shot by Adam Henrique.
0:31 of 2nd period - Stopped by Joey MacDonald without a rebound.
0:32 of 2nd period - Adam Henrique wins face-off versus Zenon Konopka in Patriotes zone.
0:35 of 2nd period - Slapshot by Adam Henrique.
0:35 of 2nd period - Shot Misses the Net.
0:37 of 2nd period - Snap shot by Nathan Oystrick.
0:37 of 2nd period - Shot Blocked by Ryan Wilson.
0:39 of 2nd period - Slapshot by Nathan Oystrick.
0:39 of 2nd period - Shot Misses the Net.
0:41 of 2nd period - Snap shot by Rich Clune.
0:41 of 2nd period - Shot Misses the Net.
0:49 of 2nd period - Snap shot by Mike Duco.
0:49 of 2nd period - Stopped by Joey MacDonald with a rebound.
0:51 of 2nd period - Slapshot by Johan Fransson.
0:51 of 2nd period - Deflect By Adam Henrique.
0:51 of 2nd period - Shot Blocked by Zenon Konopka.
0:51 of 2nd period - Puck is out of play.
0:52 of 2nd period - Cory Emmerton wins face-off versus Nate Thompson in Patriotes zone.
1:14 of 2nd period - Icing by A.J Thelen.
1:15 of 2nd period - Cory Emmerton wins face-off versus Greg Mauldin in Patriotes zone.
1:41 of 2nd period - Slapshot by Lauri Tukonen.
1:41 of 2nd period - Shot Blocked by Cody Goloubef.
3:22 of 2nd period - Andrew Gordon is hit by Johan Fransson and loses puck.
3:56 of 2nd period - Zenon Konopka is hit by Jan Mursak.
4:40 of 2nd period - Cory Emmerton is hit by Carson Mcmillan and loses puck.
4:53 of 2nd period - Brett Skinner is hit by Greg Mauldin and loses puck.
5:10 of 2nd period - Rich Clune is hit by Tomas Kurka and loses puck.
5:25 of 2nd period - Andreas Nodl is hit by Carson Mcmillan and loses puck.
5:41 of 2nd period - Snap shot by Zenon Konopka.
5:41 of 2nd period - Goal by Zenon Konopka - Tamiflu : 0 - Patriotes : 2.
5:42 of 2nd period - Andrew Gordon wins face-off versus Nate Thompson in neutral zone.
6:13 of 2nd period - Snap shot by Andreas Nodl.
6:13 of 2nd period - Stopped by Thomas Greiss without a rebound.
6:14 of 2nd period - Greg Mauldin wins face-off versus Zenon Konopka in Tamiflu zone.
6:30 of 2nd period - Wrist shot by Greg Mauldin.
6:30 of 2nd period - Shot Misses the Net.
6:40 of 2nd period - Nathan Oystrick is hit by Liam Reddox.
7:02 of 2nd period - Wrist shot by Adam Henrique.
7:02 of 2nd period - Stopped by Joey MacDonald without a rebound.
7:03 of 2nd period - Adam Henrique wins face-off versus Cory Emmerton in Patriotes zone.
7:07 of 2nd period - Minor Penalty to Andrew Gordon for Interference.
7:08 of 2nd period - Tomas Kurka wins face-off versus Nate Thompson in Patriotes zone.
7:20 of 2nd period - Slapshot by Jonathan Sigalet.
7:20 of 2nd period - Shot Misses the Net.
7:22 of 2nd period - Wrist shot by Jonathan Sigalet.
7:22 of 2nd period - Shot Blocked by A.J Thelen.
7:24 of 2nd period - Slapshot by Jonathan Sigalet.
7:24 of 2nd period - Goal by Jonathan Sigalet - Tamiflu : 1 - Patriotes : 2.
7:25 of 2nd period - Zenon Konopka wins face-off versus Nate Thompson in neutral zone.
7:46 of 2nd period - A.J Thelen is hit by Nate Thompson and loses puck.
8:02 of 2nd period - Minor Penalty to A.J Thelen for Holding.
8:03 of 2nd period - Nate Thompson wins face-off versus Tomas Kurka in Patriotes zone.
9:59 of 2nd period - Ryan White is hit by Adam Henrique.
10:02 of 2nd period - Penalty to A.J Thelen is over, A.J Thelen is back on ice.
10:17 of 2nd period - Ryan White is hit by Nathan Oystrick and loses puck.
10:30 of 2nd period - Mike Duco is hit by Christian Hanson and loses puck.
10:37 of 2nd period - Wrist shot by Lauri Tukonen.
10:37 of 2nd period - Deflect By Christian Hanson.
10:37 of 2nd period - Goal by Christian Hanson - Tamiflu : 1 - Patriotes : 3.
10:38 of 2nd period - Greg Mauldin wins face-off versus Zenon Konopka in neutral zone.
10:45 of 2nd period - Snap shot by Jan Mursak.
10:45 of 2nd period - Shot Misses the Net.
10:47 of 2nd period - Slapshot by Jordan Hendry.
10:47 of 2nd period - Deflect By Greg Mauldin.
10:47 of 2nd period - Shot Misses the Net.
10:47 of 2nd period - Puck is out of play.
10:48 of 2nd period - Zenon Konopka wins face-off versus Greg Mauldin in Patriotes zone.
11:39 of 2nd period - Snap shot by Greg Mauldin.
11:39 of 2nd period - Shot Blocked by A.J Thelen.
11:41 of 2nd period - Slapshot by Jan Mursak.
11:41 of 2nd period - Stopped by Joey MacDonald with a rebound.
11:43 of 2nd period - Slapshot by Petr Pohl.
11:43 of 2nd period - Goal by Petr Pohl - Tamiflu : 2 - Patriotes : 3.
11:44 of 2nd period - Nate Thompson wins face-off versus Cory Emmerton in neutral zone.
11:57 of 2nd period - Slapshot by Nathan Oystrick.
11:57 of 2nd period - Stopped by Joey MacDonald without a rebound.
11:58 of 2nd period - Christian Hanson wins face-off versus Carson Mcmillan in Patriotes zone.
12:23 of 2nd period - Carson Mcmillan is hit by Andrew Gordon.
12:42 of 2nd period - Johan Fransson is hit by Fedor Fedorov.
12:48 of 2nd period - Wrist shot by Carson Mcmillan.
12:48 of 2nd period - Shot Misses the Net.
13:21 of 2nd period - Wrist shot by Adam Henrique.
13:21 of 2nd period - Stopped by Joey MacDonald with a rebound.
13:23 of 2nd period - Snap shot by Philip Samuelsson.
13:23 of 2nd period - Shot Blocked by Timothy Kunes.
13:39 of 2nd period - Wrist shot by Greg Mauldin.
13:39 of 2nd period - Shot Blocked by Sami Vatanen.
13:41 of 2nd period - Snap shot by Petr Pohl.
13:41 of 2nd period - Shot Misses the Net.
13:43 of 2nd period - Slapshot by Jordan Hendry.
13:43 of 2nd period - Shot Blocked by Timothy Kunes.
14:03 of 2nd period - Slapshot by Jonathan Sigalet.
14:03 of 2nd period - Stopped by Joey MacDonald with a rebound.
14:17 of 2nd period - Nathan Oystrick is hit by Cory Emmerton and loses puck.
14:40 of 2nd period - Snap shot by Christian Hanson.
14:40 of 2nd period - Shot Misses the Net.
14:42 of 2nd period - Snap shot by Christian Hanson.
14:42 of 2nd period - Stopped by Thomas Greiss without a rebound.
14:43 of 2nd period - Christian Hanson wins face-off versus Adam Henrique in Tamiflu zone.
14:46 of 2nd period - Wrist shot by Liam Reddox.
14:46 of 2nd period - Stopped by Thomas Greiss with a rebound.
15:49 of 2nd period - Snap shot by Zenon Konopka.
15:49 of 2nd period - Stopped by Thomas Greiss with a rebound.
15:53 of 2nd period - Wrist shot by Andreas Nodl.
15:53 of 2nd period - Shot Misses the Net.
15:55 of 2nd period - Wrist shot by Zenon Konopka.
15:55 of 2nd period - Stopped by Thomas Greiss with a rebound.
15:57 of 2nd period - Slapshot by Sami Vatanen.
15:57 of 2nd period - Stopped by Thomas Greiss with a rebound.
15:59 of 2nd period - Slapshot by Sami Vatanen.
15:59 of 2nd period - Shot Misses the Net.
16:13 of 2nd period - Snap shot by Nate Thompson.
16:13 of 2nd period - Stopped by Joey MacDonald without a rebound.
16:14 of 2nd period - Ryan White wins face-off versus Greg Mauldin in Patriotes zone.
16:48 of 2nd period - Slapshot by Jordan Hendry.
16:48 of 2nd period - Shot Misses the Net.
17:08 of 2nd period - Snap shot by Fedor Fedorov.
17:08 of 2nd period - Deflect By Cory Emmerton.
17:08 of 2nd period - Shot Blocked by Jan Mursak.
17:08 of 2nd period - Puck is out of play.
17:09 of 2nd period - Zenon Konopka wins face-off versus Greg Mauldin in Tamiflu zone.
17:12 of 2nd period - Wrist shot by Zenon Konopka.
17:12 of 2nd period - Shot Misses the Net.
17:14 of 2nd period - Slapshot by Joe Charlebois.
17:14 of 2nd period - Stopped by Thomas Greiss with a rebound.
17:16 of 2nd period - Backhand shot by Andreas Nodl.
17:16 of 2nd period - Shot Blocked by Petr Pohl.
17:18 of 2nd period - Wrist shot by Tomas Kurka.
17:18 of 2nd period - Stopped by Thomas Greiss with a rebound.
17:42 of 2nd period - Slapshot by Andrew Gordon.
17:42 of 2nd period - Stopped by Thomas Greiss with a rebound.
17:54 of 2nd period - Slapshot by Adam Henrique.
17:54 of 2nd period - Shot Misses the Net.
17:56 of 2nd period - Wrist shot by Rich Clune.
17:56 of 2nd period - Goal by Rich Clune - Tamiflu : 3 - Patriotes : 3.
17:57 of 2nd period - Zenon Konopka wins face-off versus Nate Thompson in neutral zone.
18:22 of 2nd period - Jordan Hendry is hit by Liam Reddox and loses puck.
18:56 of 2nd period - Wrist shot by Cory Emmerton.
18:56 of 2nd period - Stopped by Thomas Greiss with a rebound.
18:58 of 2nd period - Snap shot by Joe Charlebois.
18:58 of 2nd period - Stopped by Thomas Greiss without a rebound.
18:59 of 2nd period - Zenon Konopka wins face-off versus Nate Thompson in Tamiflu zone.
19:48 of 2nd period - Wrist shot by Lauri Tukonen.
19:48 of 2nd period - Shot Blocked by Adam Henrique.
19:50 of 2nd period - Snap shot by Lauri Tukonen.
19:50 of 2nd period - Stopped by Thomas Greiss without a rebound.
19:51 of 2nd period - Christian Hanson wins face-off versus Nate Thompson in Tamiflu zone.
19:52 of 2nd period - Slapshot by Ryan Wilson.
19:52 of 2nd period - Stopped by Thomas Greiss without a rebound.
19:53 of 2nd period - Zenon Konopka wins face-off versus Nate Thompson in Tamiflu zone.
19:54 of 2nd period - Snap shot by Andreas Nodl.
19:54 of 2nd period - Deflect By Zenon Konopka.
19:54 of 2nd period - Shot Misses the Net.
19:54 of 2nd period - Puck is out of play.
19:55 of 2nd period - Nate Thompson wins face-off versus Zenon Konopka in Tamiflu zone.
19:57 of 2nd period - Minor Penalty to Jonathan Sigalet for Interference.
19:58 of 2nd period - Alex Picard wins face-off versus Zenon Konopka in Tamiflu zone.
Goals for this period are 3 for Tamiflu vs 2 for Patriotes.
Shots for this period are 11 for Tamiflu vs 15 for Patriotes.

3rd period


0:01 of 3rd period - Zenon Konopka wins face-off versus Alex Picard in neutral zone.
0:14 of 3rd period - Backhand shot by Andreas Nodl.
0:14 of 3rd period - Stopped by Thomas Greiss with a rebound.
0:16 of 3rd period - Snap shot by Andreas Nodl.
0:16 of 3rd period - Goal by Andreas Nodl - Tamiflu : 3 - Patriotes : 4.
0:17 of 3rd period - Nate Thompson wins face-off versus Zenon Konopka in neutral zone.
0:22 of 3rd period - Wrist shot by Nate Thompson.
0:22 of 3rd period - Shot Misses the Net.
0:43 of 3rd period - Icing by Ryan Wilson.
0:44 of 3rd period - Cory Emmerton wins face-off versus Greg Mauldin in Patriotes zone.
2:14 of 3rd period - Off-side.
2:15 of 3rd period - Zenon Konopka wins face-off versus Adam Henrique in neutral zone.
3:05 of 3rd period - Wrist shot by Andreas Nodl.
3:05 of 3rd period - Shot Misses the Net.
3:53 of 3rd period - Slapshot by Ryan White.
3:53 of 3rd period - Stopped by Thomas Greiss without a rebound.
3:54 of 3rd period - Cory Emmerton wins face-off versus Nate Thompson in Tamiflu zone.
3:55 of 3rd period - Snap shot by Fedor Fedorov.
3:55 of 3rd period - Goal by Fedor Fedorov - Tamiflu : 3 - Patriotes : 5.
3:56 of 3rd period - Nate Thompson wins face-off versus Zenon Konopka in neutral zone.
4:12 of 3rd period - Off-side.
4:13 of 3rd period - Greg Mauldin wins face-off versus Cory Emmerton in neutral zone.
4:22 of 3rd period - Cory Emmerton is hit by Jordan Hendry and loses puck.
4:39 of 3rd period - Carson Mcmillan is hit by Brett Skinner and loses puck.
5:02 of 3rd period - Snap shot by Nate Thompson.
5:02 of 3rd period - Stopped by Joey MacDonald without a rebound.
5:03 of 3rd period - Colin Greening wins face-off versus Christian Hanson in Patriotes zone.
5:20 of 3rd period - Off-side.
5:21 of 3rd period - Greg Mauldin wins face-off versus Zenon Konopka in neutral zone.
5:49 of 3rd period - Off-side.
5:50 of 3rd period - Cory Emmerton wins face-off versus Adam Henrique in neutral zone.
5:53 of 3rd period - Slapshot by Andrew Gordon.
5:53 of 3rd period - Stopped by Thomas Greiss with a rebound.
5:55 of 3rd period - Slapshot by Brett Skinner.
5:55 of 3rd period - Stopped by Thomas Greiss with a rebound.
5:59 of 3rd period - Wrist shot by Fedor Fedorov.
5:59 of 3rd period - Shot Misses the Net.
6:01 of 3rd period - Slapshot by Brett Skinner.
6:01 of 3rd period - Shot Misses the Net.
6:15 of 3rd period - Alex Picard is hit by A.J Thelen and loses puck.
6:29 of 3rd period - Icing by Nate Thompson.
6:30 of 3rd period - Zenon Konopka wins face-off versus Nate Thompson in Tamiflu zone.
6:39 of 3rd period - Snap shot by Zenon Konopka.
6:39 of 3rd period - Shot Misses the Net.
6:41 of 3rd period - Snap shot by Zenon Konopka.
6:41 of 3rd period - Stopped by Thomas Greiss without a rebound.
6:42 of 3rd period - Greg Mauldin wins face-off versus Zenon Konopka in Tamiflu zone.
7:18 of 3rd period - A.J Thelen is hit by Philip Samuelsson and loses puck.
7:25 of 3rd period - Snap shot by Rich Clune.
7:25 of 3rd period - Shot Misses the Net.
7:39 of 3rd period - Snap shot by Cory Emmerton.
7:39 of 3rd period - Shot Misses the Net.
7:41 of 3rd period - Wrist shot by Andrew Gordon.
7:41 of 3rd period - Deflect By Nate Thompson.
7:41 of 3rd period - Shot Misses the Net.
7:41 of 3rd period - Puck is out of play.
7:42 of 3rd period - Cory Emmerton wins face-off versus Nate Thompson in Tamiflu zone.
7:43 of 3rd period - Slapshot by Fedor Fedorov.
7:43 of 3rd period - Shot Blocked by Nate Thompson.
7:45 of 3rd period - Minor Penalty to Alex Picard for Hooking.
7:46 of 3rd period - Zenon Konopka wins face-off versus Nate Thompson in Tamiflu zone.
8:09 of 3rd period - Slapshot by Jordan Hendry.
8:09 of 3rd period - Shot Misses the Net.
8:11 of 3rd period - Slapshot by Johan Fransson.
8:11 of 3rd period - Shot Blocked by Andrew Gordon.
9:45 of 3rd period - Penalty to Alex Picard is over, Alex Picard is back on ice.
11:55 of 3rd period - Slapshot by Johan Fransson.
11:55 of 3rd period - Shot Blocked by Andrew Gordon.
13:24 of 3rd period - Off-side.
13:25 of 3rd period - Cory Emmerton wins face-off versus Colin Greening in neutral zone.
13:36 of 3rd period - Slapshot by Jordan Hendry.
13:36 of 3rd period - Shot Blocked by Brett Skinner.
13:38 of 3rd period - Slapshot by Colin Greening.
13:38 of 3rd period - Goal by Colin Greening - Tamiflu : 4 - Patriotes : 5.
13:39 of 3rd period - Andreas Nodl wins face-off versus Nate Thompson in neutral zone.
14:21 of 3rd period - Cory Emmerton is hit by Petr Pohl and loses puck.
14:32 of 3rd period - Joe Charlebois is hit by Colin Greening and loses puck.
14:59 of 3rd period - Slapshot by Adam Henrique.
14:59 of 3rd period - Shot Misses the Net.
15:12 of 3rd period - Icing by Andreas Nodl.
15:13 of 3rd period - Christian Hanson wins face-off versus Nate Thompson in Patriotes zone.
15:13 of 3rd period - Christian Hanson is hit by Carson Mcmillan.
15:34 of 3rd period - Minor Penalty to Alex Picard for Tripping.
15:35 of 3rd period - Zenon Konopka wins face-off versus Nate Thompson in Tamiflu zone.
15:46 of 3rd period - Slapshot by Jordan Hendry.
15:46 of 3rd period - Deflect By Nate Thompson.
15:46 of 3rd period - Stopped by Joey MacDonald with a rebound.
16:06 of 3rd period - Wrist shot by Andrew Gordon.
16:06 of 3rd period - Shot Blocked by Jonathan Sigalet.
16:08 of 3rd period - Wrist shot by Cory Emmerton.
16:08 of 3rd period - Stopped by Thomas Greiss with a rebound.
16:10 of 3rd period - Slapshot by Brett Skinner.
16:10 of 3rd period - Deflect By Cory Emmerton.
16:10 of 3rd period - Shot Blocked by Rich Clune.
16:10 of 3rd period - Puck is out of play.
16:11 of 3rd period - Zenon Konopka wins face-off versus Colin Greening in Tamiflu zone.
16:22 of 3rd period - Slapshot by Ryan Wilson.
16:22 of 3rd period - Stopped by Thomas Greiss with a rebound.
16:24 of 3rd period - Snap shot by Zenon Konopka.
16:24 of 3rd period - Stopped by Thomas Greiss without a rebound.
16:25 of 3rd period - Mattias Tedenby wins face-off versus Zenon Konopka in Tamiflu zone.
17:00 of 3rd period - Snap shot by A.J Thelen.
17:00 of 3rd period - Deflect By Jonathan Sigalet.
17:00 of 3rd period - Stopped by Thomas Greiss with a rebound.
17:34 of 3rd period - Penalty to Alex Picard is over, Alex Picard is back on ice.
18:05 of 3rd period - Slapshot by Ryan White.
18:05 of 3rd period - Shot Misses the Net.
18:37 of 3rd period - Wrist shot by Lauri Tukonen.
18:37 of 3rd period - Shot Blocked by Kyle Lawson.
18:39 of 3rd period - Slapshot by A.J Thelen.
18:39 of 3rd period - Stopped by Thomas Greiss with a rebound.
18:55 of 3rd period - Alex Picard is hit by Brett Skinner and loses puck.
19:38 of 3rd period - Snap shot by Zenon Konopka.
19:38 of 3rd period - Shot Blocked by Jordan Hendry.
19:46 of 3rd period - Tamiflu, Thomas Greiss is pulled from the net.
19:46 of 3rd period - Snap shot by Alex Picard.
19:46 of 3rd period - Stopped by Joey MacDonald with a rebound.
19:48 of 3rd period - Snap shot by Jordan Hendry.
19:48 of 3rd period - Stopped by Joey MacDonald with a rebound.
19:50 of 3rd period - Wrist shot by Adam Henrique.
19:50 of 3rd period - Shot Misses the Net.
19:52 of 3rd period - Snap shot by Alex Picard.
19:52 of 3rd period - Shot Misses the Net.
19:54 of 3rd period - Snap shot by Alex Picard.
19:54 of 3rd period - Stopped by Joey MacDonald with a rebound.
19:56 of 3rd period - Wrist shot by Carson Mcmillan.
19:56 of 3rd period - Stopped by Joey MacDonald with a rebound.
19:58 of 3rd period - Snap shot by Jordan Hendry.
19:58 of 3rd period - Shot Misses the Net.
Goals for this period are 1 for Tamiflu vs 2 for Patriotes.
Shots for this period are 7 for Tamiflu vs 12 for Patriotes.


Output by the SimonT Hockey Simulator (STHS) for François Prévost -- Original Page W3C XHTML 1.0 Valid
Hockey Simulator - Hockey Simulation - Hockey Manager